 Dungeon Crawl Stone Soup version 0.27-a0-346-ga689d4a613 (webtiles) character file.

Game seed: 3273811174368066610

2 gruber the Chucker (level 1, 0/22 HPs)
             Began as an Ogre Hunter on Feb 15, 2021.
             Slain by a jackal (3 damage)
             ... on level 1 of the Dungeon.
             The game lasted 00:00:10 (28 turns).

gruber the Chucker (Ogre Hunter)                      Turns: 28, Time: 00:00:10

Health: 0/22       AC:  3    Str: 15    XL:     1   Next: 40%
Magic:  1/1        EV: 10    Int: 12    God:
Gold:   13         SH:  0    Dex:  9    Spells: 0/0 levels left

rFire    . . .     SeeInvis .   a - +0 short sword
rCold    . . .     Faith    .   (no shield)
rNeg     . . .     Spirit   .   b - +0 robe
rPois    .         Reflect  .   (helmet restricted)
rElec    .         Harm     .   (no cloak)
rCorr    .         Rampage  .   (gloves unavailable)
Will     .....                  (boots unavailable)
Stlth    +.........             (no amulet)
HPRegen  0.07/turn              (no ring)
MPRegen  0.07/turn              (no ring)

@: no status effects
A: large, unfitting armour, tough skin 1
a: no special abilities


You were on level 1 of the Dungeon.
You visited 1 branch of the dungeon, and saw 1 of its levels.

You collected 13 gold pieces.

Inventory:

Hand Weapons
 a - a +0 short sword (weapon)
Missiles
 c - 5 large rocks (quivered)
 d - 2 throwing nets
Armour
 b - a +0 robe (worn)
Potions
 e - a potion of lignification {unknown}


   Skills:
 + Level 2.7 Fighting
 + Level 4.1 Throwing
 + Level 1.8 Dodging
 + Level 0.6 Stealth


You couldn't memorise any spells.
You didn't know any spells.
Your spell library was empty.

Dungeon Overview and Level Annotations

Branches:
Dungeon (1/15)

Altars:


Innate Abilities, Weirdness & Mutations

You are too large for most types of armour.
You have tough skin. (AC +1)


Message History

The jackal is severely wounded.
The jackal misses you. The jackal closely misses you.
The jackal barely misses you. x3
You closely miss the jackal.
The jackal is severely wounded.
The jackal closely misses you. The jackal bites you.
The jackal barely misses you. The jackal completely misses you.
You barely miss the jackal.
The jackal is severely wounded.
The jackal bites you but does no damage.
The jackal bites you. The jackal barely misses you.
The jackal completely misses you. The jackal misses you.
You barely miss the jackal.
The jackal is severely wounded.
The jackal bites you. x2
You hit the jackal.
You kill the jackal!
The jackal barely misses you. x2
You hit the jackal but do no damage.
The jackal is severely wounded.
The jackal barely misses you. The jackal bites you.
The jackal barely misses you. The jackal bites you.
You hit the jackal.
The jackal is almost dead.
The jackal barely misses you. The jackal bites you. The jackal misses you.
The jackal closely misses you.
The jackal bites you but does no damage.
You barely miss the jackal.
The jackal is almost dead.
The jackal closely misses you. x2
The jackal bites you but does no damage. x2
The jackal bites you.
* * * LOW HITPOINT WARNING * * *
You hit the jackal.
You kill the jackal!
The jackal bites you but does no damage.
The jackal completely misses you. The jackal bites you.
* * * LOW HITPOINT WARNING * * *
The jackal misses you. The jackal bites you.
You die...

..# #.. # # #.# #. #.
#.# # #.. #. ##♣♣.♣♣#
.## ##.(#.#
##♣°.♣...♣♣§§#
..)...l##§§♣♣..♣♣♣§§§#
#.....h#°♣♣♣∩.∩..♣☼☼##
#h@♣..∩...∩♣§..○#
##♣♣♣∩..8..∩♣♣..
#..∩.......∩.♣
#♣♣..8.<.8..[♣
♣.∩.......∩♣..#
#.♣.∩..8..∩§♣♣..
##.♣♣∩...∩♣♣§# # §§♣
§.∩.∩.. §# . §♣♣.♣♣♣♣§
§


You could see 2 jackals and a frilled lizard.

Vanquished Creatures
  2 jackals (D:1)
2 creatures vanquished.

Notes
Turn   | Place    | Note
-------+----------+-------------------------------------------
     0 | D:1      | gruber the Ogre Hunter began the quest for the Orb.
     0 | D:1      | Reached XP level 1. HP: 22/22 MP: 1/1
    28 | D:1      | Slain by a jackal

Illustrated notes

Levels and vault maps discovered:
D:1:      heliophobic_arrival_enchanted_forest, layout_rooms, minmay_tromino_i2

Action                   || total
-------------------------++-------
Melee: Short sword       ||    13
Armor: Robe              ||    10
Dodge: Dodged            ||    27

Table legend: (Time is in decaauts)
 A = Elapsed time spent in this place.
 B = Non-inter-level travel time spent in this place.
 C = Inter-level travel time spent in this place.
 D = Time resting spent in this place.
 E = Time spent auto-exploring this place.
 F = Levels seen in this place.
 G = Mean time per level.
                   A        B        C        D        E       F      G
               +--------+--------+--------+--------+--------+-----+--------+
         Total |     29 |     29 |      0 |      0 |     11 |   1 |   29.0 |
       Dungeon |     29 |     29 |      0 |      0 |     11 |   1 |   29.0 |
               +--------+--------+--------+--------+--------+-----+--------+

Top non-repeatable levels by time:
     D:1: 29 daAuts
